 Dungeon Crawl Stone Soup version 0.25.1-2-g60ff931df9 (webtiles) character file.

Game seed: 440809066797257169

5170 Erymatos the Cleaver (level 10, -9/132 HPs)
             Began as a Minotaur Berserker on Nov 12, 2020.
             Was a High Priest of Trog.
             Mangled by a tengu warrior
             ... wielding the +6 war axe of the Magi {elec, Dex+3}
              (10 damage)
             ... on level 8 of the Dungeon.
             The game lasted 00:14:35 (8191 turns).

Erymatos the Cleaver (Minotaur Berserker)           Turns: 8191, Time: 00:14:35

Health: -9/132     AC:  9    Str: 24    XL:     10   Next: 34%
Magic:  0/9        EV: 13    Int:  4    God:    Trog [*****.]
Gold:   301        SH:  0    Dex: 11    Spells: 9/9 levels left

rFire    . . .     SeeInvis .   v - +2 hand axe (vorpal)
rCold    . . .     Gourm    .   (no shield)
rNeg     . . .     Faith    .   h - +0 ring mail
rPois    .         Spirit   .   (helmet restricted)
rElec    .         Reflect  .   (no cloak)
rCorr    .         Harm     .   (no gloves)
MR       .....                  D - +1 pair of boots
Stlth    ..........             k - amulet of inaccuracy (curse)
HPRegen  0.32/turn              (no ring)
MPRegen  0.11/turn              (no ring)

@: berserking, very quick
A: retaliatory headbutt, horns 2
a: Berserk, Trog's Hand, Brothers in Arms, Renounce Religion


You were on level 8 of the Dungeon.
You worshipped Trog.
Trog was extremely pleased with you.
You were not hungry.

You visited 1 branch of the dungeon, and saw 8 of its levels.

You collected 301 gold pieces.

Inventory:

Hand Weapons
 a - a +0 hand axe
 t - a +0 broad axe
 v - a +2 vorpal hand axe (weapon)
Armour
 b - a +0 animal skin
 d - a +0 pair of boots of flying
 h - a +0 ring mail (worn)
 D - a +1 pair of boots (worn)
Jewellery
 k - a cursed amulet of inaccuracy (around neck)
Wands
 A - a wand of paralysis (16)
 F - a wand of clouds (6)
 G - a wand of flame (13)
 I - a wand of iceblast (5)
Scrolls
 f - 2 scrolls of enchant armour
 l - 4 scrolls of teleportation
 n - a scroll of amnesia
 r - 9 scrolls of identify
 s - a scroll of blinking
 x - 4 scrolls of enchant weapon {unknown}
 y - a scroll of remove curse {unknown}
 B - 2 scrolls of immolation {unknown}
 E - a scroll of noise {unknown}
Potions
 e - 2 potions of berserk rage {unknown}
 g - a potion of mutation {unknown}
 i - 2 potions of might {unknown}
 j - 2 potions of stabbing {unknown}
 m - a potion of flight {unknown}
 o - 2 potions of curing {unknown}
 p - a potion of cancellation {unknown}
 q - a potion of haste {unknown}
 u - a potion of heal wounds {unknown}
 w - a potion of magic {unknown}
 z - a potion of brilliance {unknown}
 C - a potion of lignification {unknown}
Comestibles
 c - 11 rations


   Skills:
 + Level 8.1 Fighting
 * Level 13.5 Axes
 + Level 7.6 Armour
 + Level 5.8 Dodging
 + Level 2.4 Stealth


You had 9 spell levels left.
You didn't know any spells.
Your spell library was empty.

Dungeon Overview and Level Annotations

Branches:
Dungeon (8/15)             Temple (0/1) D:6
   Lair: D:8-11

Altars:
Ashenzari
Hepliaklqana
Makhleb
Sif Muna
Trog
Wu Jian
Yredelemnul
The Shining One

Shops:
D:4 *

Annotations:
D:8 1 transporter, Name63's ghost, novice GnWz


Innate Abilities, Weirdness & Mutations

You reflexively headbutt those who attack you in melee.
You have a pair of horns on your head.


Message History

You are electrocuted!
* * * LOW HITPOINT WARNING * * *
The tengu warrior pecks you.
* * * LOW HITPOINT WARNING * * *
The tengu warrior barely misses you.
You closely miss the tengu warrior. Your headbutt misses the tengu warrior.
The tengu warrior is severely wounded.
You slash the big kobold! You slash the ogre!
The big kobold hits you but does no damage.
You hit the tengu warrior.
The tengu warrior is severely wounded.
You slash the ogre!
You feel the power of Trog in you as your rage grows.
You kill the ogre!
Trog accepts your kill.
You miss the big kobold.
The tengu warrior hits you with the +6 war axe of the Magi {elec, Dex+3}!
* * * LOW HITPOINT WARNING * * *
You are electrocuted!
You die...

#.........................#
#...#####.###.##.......####
##### #.# #....#####...##
#.###..###...###..#
#.....##.....# ##.##
####..#....###. #..#
##.##o.(.#≈##.##.####
##..#K)y....#...#....#
#..©#@Q##._....©#©...#
#.#####...#..# ..#...#..#.#
#.........#### #≈####.##.#
#.######...# # # #..##..
#...## #.###.###.. ##>..###
..# #...<#.#
##....#####...#..._.
#.##.......###.##.# #.
#.############.##..


You could see a tengu warrior (berserk), a moth of wrath, an orc warrior
(berserk) and a big kobold.

Vanquished Creatures
  Harold (D:7)
  A two-headed ogre (D:8)
  Joseph (D:7)
  A troll (D:8)
  A queen bee (D:8)
  A wyvern (D:8)
  An ice beast (D:5)
  A phantom (D:5)
  A necrophage (D:6)
  4 ogres
  2 centaurs
  4 bullfrogs
  A big kobold (D:8)
  3 scorpions
  14 killer bees (D:8)
  2 howler monkeys
  3 bullfrog zombies
  A centaur zombie (D:5)
  2 crimson imps
  2 bullfrog skeletons
  2 hounds (D:6)
  4 orc priests
  5 orc wizards
  4 worker ants
  A hound zombie (D:6)
  2 hound skeletons (D:5)
  A howler monkey zombie (D:5)
  10 adders
  A river rat (D:5)
  8 gnolls
  A shadow imp (D:6)
  2 oozes
  2 adder skeletons (D:7)
  3 worms
  5 dart slugs
  6 leopard geckos
  22 orcs
  6 giant cockroaches
  6 hobgoblins
  11 jackals
  2 quokkas
  2 ball pythons
  9 bats
  4 frilled lizards
  12 goblins
  A jackal skeleton (D:6)
  17 kobolds
  A leopard gecko zombie (D:6)
  6 rats
203 creatures vanquished.

Notes
Turn   | Place    | Note
-------+----------+-------------------------------------------
     0 | D:1      | Erymatos the Minotaur Berserker began the quest for the
                  | Orb.
     0 | D:1      | Reached XP level 1. HP: 19/19 MP: 0/0
     7 | D:1      | Noticed a stone giant
     7 | D:1      | Noticed a worker ant
     7 | D:1      | Noticed a tyrant leech
     7 | D:1      | Noticed a basilisk
   350 | D:1      | Reached XP level 2. HP: 22/27 MP: 1/1
   532 | D:1      | Reached skill level 4 in Axes
   827 | D:2      | Reached XP level 3. HP: 32/34 MP: 2/2
  1010 | D:2      | Reached skill level 5 in Fighting
  1173 | D:2      | Reached ** piety under Trog
  1254 | D:2      | Reached XP level 4. HP: 42/42 MP: 3/3
  1916 | D:2      | Found a shimmering blue altar of Sif Muna.
  2026 | D:3      | Found a glowing golden altar of the Shining One.
  2102 | D:3      | Reached XP level 5. HP: 21/48 MP: 4/4
  2110 | D:3      | Reached skill level 5 in Axes
  2468 | D:3      | Reached *** piety under Trog
  2594 | D:3      | Reached XP level 6. HP: 41/56 MP: 5/5
  3044 | D:3      | Found a hazy altar of Hepliaklqana.
  3044 | D:3      | Found a burning altar of Makhleb.
  3505 | D:4      | Found an ornate altar of the Wu Jian Council.
  3616 | D:4      | Found Tutsaiv's Assorted Antiques.
  3705 | D:4      | Reached skill level 6 in Axes
  4243 | D:5      | Entered Level 5 of the Dungeon
  4252 | D:5      | Found a glowing drain.
  4277 | D:5      | Reached **** piety under Trog
  4277 | D:5      | Reached XP level 7. HP: 57/62 MP: 6/6
  4332 | D:5      | Reached skill level 5 in Armour
  4383 | D:5      | Reached skill level 7 in Axes
  4696 | D:5      | Reached skill level 8 in Axes
  4812 | D:5      | Found a shattered altar of Ashenzari.
  4928 | D:5      | Reached XP level 8. HP: 37/70 MP: 7/7
  5194 | D:5      | Reached skill level 1 in Stealth
  5514 | D:5      | Reached skill level 9 in Axes
  5583 | D:6      | Found a staircase to the Ecumenical Temple.
  6014 | D:6      | Reached skill level 10 in Axes
  6516 | D:7      | Noticed Harold
  6546 | D:7      | Killed Harold
  6546 | D:7      | Reached skill level 11 in Axes
  6546 | D:7      | Reached XP level 9. HP: 79/79 MP: 8/8
  6622 | D:7      | Noticed Joseph
  6632 | D:7      | Killed Joseph
  6632 | D:7      | Reached skill level 5 in Dodging
  7296 | D:8      | Found a basalt altar of Yredelemnul.
  7307 | D:8      | Noticed a two-headed ogre
  7315 | D:8      | Killed a two-headed ogre
  7315 | D:8      | Reached skill level 12 in Axes
  7479 | D:8      | Reached XP level 10. HP: 79/88 MP: 9/9
  7576 | D:8      | Noticed a moth of wrath
  7585 | D:8      | Found a bloodstained altar of Trog.
  7594 | D:8      | Noticed Name63's ghost (novice GnWz)
  7701 | D:8      | Reached ***** piety under Trog
  7711 | D:8      | Reached skill level 13 in Axes
  8165 | D:8      | Identified the +6 war axe of the Magi {elec, Dex+3}
  8165 | D:8      | Noticed a tengu warrior
  8172 | D:8      | Found a transporter.
  8175 | D:8      | Found a transporter.
  8191 | D:8      | HP: 1/132 [tengu warrior/the +6 war axe of the Magi {elec,
                  | Dex+3} (12)]
  8191 | D:8      | Mangled by a tengu warrior

Illustrated notes

Levels and vault maps discovered:
D:1:      onia_arrival_zoo_common, layout_rooms, minmay_misc_feat_encased
D:2:      layout_loops_ring, nicolae_overflow_hidden_temple
D:3:      layout_rooms, gammafunk_temple_overflow_elements, tso_metal_star,
          first_ration, minmay_misc_feat_columns
D:4:      layout_loops_ring, kennysheep_little_box, serial_shops, shop,
          kennysheep_generic_room_2
D:5:      layout_layer_cave, portal_sewer_entry_a, minmay_misc_feat_nine_boxes,
          cheibrodos_ashenzari_chains
D:6:      layout_loops_ring, minmay_temple_entry_glass
D:7:      layout_loops_cross, uniq_joseph, uniq_harold
D:8:      layout_loops_corners, lemuel_crystal_altar, lemuel_doored_altar,
          gammafunk_ghost_wrathful_warriors, david_nohive_1

Skill      XL: |  1  2  3  4  5  6  7  8  9 10 |
---------------+-------------------------------+-----
Fighting       | 4 5 6 7 8 |  8.1
Axes           | 4 5 6 8 11 12 13 | 13.5
Armour         | 3 4 5 6 7 |  7.6
Dodging        | 3 4 5 |  5.8
Stealth        | 1 2 |  2.4

Action                   |  1- 3 |  4- 6 |  7- 9 | 10-12 || total
-------------------------+-------+-------+-------+-------++-------
Melee: Hand axe          |    90 |   136 |   245 |    63 ||   534
       Headbutt          |    10 |    23 |    51 |     5 ||    89
       Broad axe         |       |    30 |       |       ||    30
Invok: Berserk           |       |     3 |     4 |     3 ||    10
  Use: Scroll            |       |     4 |       |       ||     4
 Stab: Confused          |       |       |     2 |       ||     2
  Eat: Chunk             |     1 |    12 |    14 |     2 ||    29
       Ration            |       |       |       |     1 ||     1
Armor: Animal skin       |     3 |       |       |       ||     3
       Ring mail         |    31 |    62 |    61 |    18 ||   172
Dodge: Dodged            |    73 |   139 |   119 |    66 ||   397
